 Dungeon Crawl Stone Soup version 0.26-a0-1107-g6118521029 (webtiles) character file.

Game seed: 1235311925085040480

199 stormannn the Grave Robber (level 5, -2/38 HPs)
             Began as a Ghoul Necromancer on Dec 16, 2020.
             Slain by a gnoll
             ... wielding a +0 spear
              (4 damage)
             ... on level 2 of the Dungeon.
             The game lasted 00:06:01 (3491 turns).

stormannn the Grave Robber (Ghoul Necromancer)      Turns: 3491, Time: 00:06:01

Health: -2/38      AC:  3    Str: 12    XL:     5   Next: 77%
Magic:  1/9        EV: 12    Int: 11    God:
Gold:   100        SH:  0    Dex:  9    Spells: 8/10 levels left

rFire    . . .     SeeInvis .   h - +4 dagger
rCold    + . .     Faith    .   (no shield)
rNeg     + + +     Spirit   .   a - +0 robe
rPois    ∞         Reflect  .   (no helmet)
rElec    .         Harm     .   (no cloak)
rCorr    .         Rampage  .   (no gloves)
Will     .....                  e - +0 pair of boots
Stlth    ++........             (no amulet)
HPRegen  0.00/turn              (no ring)
MPRegen  0.11/turn              (no ring)

@: very slightly contaminated
A: claws 1, cold resistance 1, negative energy resistance 3, inhibited
regeneration, torment resistance, unbreathing
a: no special abilities


You were on level 2 of the Dungeon.
You visited 1 branch of the dungeon, and saw 2 of its levels.

You collected 100 gold pieces.

Inventory:

Hand Weapons
 h - a +4 dagger (weapon)
Armour
 a - a +0 robe (worn)
 e - a +0 pair of boots (worn)
Scrolls
 b - a scroll of blinking
 c - a scroll of magic mapping {unknown}
 f - a scroll of identify {unknown}
 g - a scroll of remove curse {unknown}
Potions
 d - 2 potions of magic {unknown}
 i - a potion of degeneration {unknown}
 j - a potion of curing {unknown}


   Skills:
 + Level 2.7 Dodging
 + Level 3.5 Stealth
 * Level 3.3 Spellcasting
 + Level 4.6 Necromancy


You had 8 spell levels left.
You knew the following spells:

 Your Spells              Type           Power        Failure   Level
a - Pain                  Necr           ##..         3%          1
b - Animate Skeleton      Necr           ##....       3%          1

Your spell library contained the following spells:

 Spells                   Type           Power        Failure   Level
 Vampiric Draining        Necr           ##........   11%         3
 Animate Dead             Necr           ##........   36%         4
 Agony                    Necr           ##......     71%         5


Dungeon Overview and Level Annotations

Branches:
Dungeon (2/15)

Altars:


Innate Abilities, Weirdness & Mutations

You thrive by killing the living.
You are immune to poison.
You have sharp fingernails.
Your flesh is cold resistant. (rC+)
You are immune to negative energy. (rN+++)
You do not regenerate when monsters are visible.
You are immune to unholy pain and torment.
You can survive without breathing.


Message History

Aim: a gnoll, wielding a +0 spear (severely wounded, chance to affect: 76%)
The gnoll writhes in agony.
The gnoll hits you from afar with a +0 spear!
Casting: Pain (safe; 3% risk of failure)
Confirm with . or Enter, or press ? or * to list all spells.
Aiming: Pain (safe; 3% risk of failure)
Press: ? - help, Shift-Dir - straight line, f/p - gnoll
Aim: a gnoll, wielding a +0 spear (severely wounded, chance to affect: 76%)
The gnoll barely resists.
The gnoll hits you but does no damage.
Casting: Pain (safe; 3% risk of failure)
Confirm with . or Enter, or press ? or * to list all spells.
Aiming: Pain (safe; 3% risk of failure)
Press: ? - help, Shift-Dir - straight line, f/p - gnoll
Aim: a gnoll, wielding a +0 spear (severely wounded, chance to affect: 76%)
The gnoll writhes in agony.
The gnoll hits you from afar with a +0 spear!
* * * LOW HITPOINT WARNING * * *
There is an escape hatch in the ceiling here.
The gnoll hits you from afar with a +0 spear.
You die...

####################
...................#
#########
############....@..#
#.....l.. #..g....#
#.####### ########g######
#.# #......#.###########)#
######.(..).#.##.......##.#
............#.##.......##.#
............'.....>....##.#
..........[.#.#........##.#
.....#.######)#.g......##.#


You could see 2 gnolls.

Vanquished Creatures
  An orc priest (D:2)
  2 orc wizards
  Terence (D:2)
  A gnoll (D:2)
  3 adders (D:2)
  An ooze (D:1)
  A leopard gecko (D:1)
  2 giant cockroaches
  5 goblins
  9 hobgoblins
  2 jackals (D:1)
  4 kobolds
  5 bats
  5 frilled lizards
  8 rats
50 creatures vanquished.

Notes
Turn   | Place    | Note
-------+----------+-------------------------------------------
     0 | D:1      | stormannn the Ghoul Necromancer began the quest for the
                  | Orb.
     0 | D:1      | Reached XP level 1. HP: 14/14 MP: 2/2
   125 | D:1      | Reached XP level 2. HP: 11/20 MP: 0/4
   942 | D:1      | Reached XP level 3. HP: 26/26 MP: 1/5
  1970 | D:2      | Reached XP level 4. HP: 28/33 MP: 0/6
  2077 | D:2      | Learned a level 1 spell: Animate Skeleton
  2093 | D:1      | Reached XP level 5. HP: 15/38 MP: 1/8
  2531 | D:2      | Noticed Terence
  2669 | D:2      | Killed Terence
  3491 | D:2      | Slain by a gnoll

Illustrated notes

Levels and vault maps discovered:
D:1:      dpeg_arrival_signposts, layout_rooms
D:2:      mumra_celtic_spiral_tile, layout_basic, minivault_25, uniq_terence

Skill      XL: |  1  2  3  4 |
---------------+-------------+-----
Spellcasting   | 2 3 |  3.3
Dodging        | 2 |  2.7
Stealth        | 3 |  3.5
Necromancy     | |  4.6

Action                   |  1- 3 |  4- 6 || total
-------------------------+-------+-------++-------
Melee: Unarmed           |    28 |       ||    28
       Dagger            |       |    14 ||    14
 Cast: Pain              |    81 |    51 ||   132
  Use: Scroll            |     1 |       ||     1
Armor: Robe              |     7 |     1 ||     8
Dodge: Dodged            |    41 |    16 ||    57

Table legend: (Time is in decaauts)
 A = Elapsed time spent in this place.
 B = Non-inter-level travel time spent in this place.
 C = Inter-level travel time spent in this place.
 D = Time resting spent in this place.
 E = Time spent auto-exploring this place.
 F = Levels seen in this place.
 G = Mean time per level.
                   A        B        C        D        E       F      G
               +--------+--------+--------+--------+--------+-----+--------+
         Total |   3492 |   3458 |     34 |   1647 |   1157 |   2 | 1746.0 |
       Dungeon |   3492 |   3458 |     34 |   1647 |   1157 |   2 | 1746.0 |
               +--------+--------+--------+--------+--------+-----+--------+

Top non-repeatable levels by time:
     D:1: 2048 daAuts
     D:2: 1443 daAuts
